 Dungeon Crawl Stone Soup version 0.23.2-40-g277498a001 (webtiles) character file.

Game seed: 2996544424390448469

45 FishyPogo the Magician (level 3, -2/28 HPs)
             Began as a Deep Elf Wizard on Oct 18, 2019.
             Was an Initiate of Sif Muna.
             Slain by a worm (3 damage)
             ... on level 2 of the Dungeon.
             The game lasted 00:04:42 (1079 turns).

FishyPogo the Magician (Deep Elf Wizard)            Turns: 1079, Time: 00:04:43

Health: -2/28      AC: 21    Str:  4    XL:     3   Next: 42%
Magic:  0/11       EV:  2    Int: 23    God:    Sif Muna [......]
Gold:   113        SH:  0    Dex: 13    Spells: 3/12 levels left

rFire    . . .     SeeInvis .   c - +0 hand axe
rCold    . . .     Gourm    .   (no shield)
rNeg     + + +     Faith    .   (armour currently unavailable)
rPois    +         Spirit   .   (helmet currently unavailable)
rElec    .         Reflect  .   (cloak currently unavailable)
rCorr    .         Harm     .   (gloves currently unavailable)
MR       .....     NoTele   +   (boots currently unavailable)
Stlth    ++........             (no amulet)
HPRegen  0.09/turn              (no ring)
MPRegen  0.12/turn              (no ring)

@: tree-form, very slightly contaminated
A: no striking features
a: Renounce Religion


You were on level 2 of the Dungeon.
You worshipped Sif Muna.
Sif Muna was noncommittal.
You were hungry.
You were a tree.
You visited 1 branch of the dungeon, and saw 2 of its levels.

You collected 113 gold pieces.

Inventory:

Hand Weapons
 c - a +0 hand axe (weapon)
Missiles
 j - 34 stones (quivered)
Armour
 a - a +0 robe (melded)
 b - a +0 hat (melded)
 n - a +0 cloak (melded)
 o - a +0 buckler
Scrolls
 e - 2 scrolls of teleportation {unknown}
 f - 3 scrolls of identify {unknown}
 k - a scroll of amnesia {unknown}
 l - a scroll of fear {unknown}
Potions
 g - 2 potions of curing {unknown}
 h - a potion of heal wounds {unknown}
Comestibles
 d - 2 rations
 m - 4 chunks of flesh


   Skills:
 + Level 3.0 Dodging
 + Level 3.2 Stealth
 * Level 5.2 Spellcasting
 + Level 1.8 Conjurations
 - Level 1.1 Summonings
   Level 1.1 Translocations


You had 3 spell levels left.
You knew the following spells:

 Your Spells              Type           Power        Failure   Level  Hunger
a - Magic Dart            Conj           ##..         4%          1    None
c - Mephitic Cloud        Conj/Pois/Air  #.......     22%         3    ##.....
d - Conjure Flame         Conj/Fire      ##......     19%         3    ##.....
e - Call Imp              Summ           ##......     9%          2    None

Your spell library contained the following spells:

 Spells                   Type           Power        Failure   Level  Hunger
 Blink                    Tloc           N/A          9%          2    None
 Slow                     Hex            #.......     14%         2    None


Dungeon Overview and Level Annotations

Branches:
Dungeon (2/15)

Altars:
Fedhas
Sif Muna


Message History

You hit the worm but do no damage.
The worm is severely wounded.
The worm bites you but does no damage.
You hit the worm.
The worm is almost dead.
The worm bites you but does no damage.
You hit the worm but do no damage.
The worm is almost dead.
Casting: Magic Dart (safe; 4% risk of failure)
Confirm with . or Enter, or press ? or * to list all spells.
Aiming: Magic Dart (safe; 4% risk of failure)
Press: ? - help, Shift-Dir - straight line, f/p - worm
Aim: a worm (almost dead)
You miscast Magic Dart.
You are very lightly contaminated with residual magic.
Your skin glows momentarily.
The worm bites you but does no damage.
You hit the worm but do no damage.
The worm is almost dead.
The worm bites you.
You die...

#........# #.#.[).
#....###.....#....
#.....$# ##....###
#....#)# #.#... .
#....#.# #.#.####
#.#### . #... #.#
.. ..# #w# #.. #♣#
#.# #.# #.# #.#
#.# #.# ... ...


You could see a worm.

Vanquished Creatures
  An adder (D:2)
  3 dart slugs (D:1)
  A ball python (D:1)
  A giant cockroach (D:1)
  4 goblins (D:2)
  4 hobgoblins
  5 kobolds (D:1)
  3 bats
  2 frilled lizards (D:2)
  3 rats
27 creatures vanquished.

Vanquished Creatures (collateral kills)
  A goblin (D:1)
  A hobgoblin (D:1)
2 creatures vanquished.

Grand Total: 29 creatures vanquished

Notes
Turn   | Place    | Note
-------+----------+-------------------------------------------
     0 | D:1      | FishyPogo the Deep Elf Wizard began the quest for the Orb.
     0 | D:1      | Reached XP level 1. HP: 10/10 MP: 7/7
   181 | D:1      | Reached XP level 2. HP: 15/15 MP: 1/9
   208 | D:1      | Learned a level 2 spell: Call Imp
   811 | D:2      | Found a blossoming altar of Fedhas.
   821 | D:2      | Found a deep blue altar of Sif Muna.
   831 | D:2      | Became a worshipper of Sif Muna the Loreminder
   837 | D:2      | Reached skill level 5 in Spellcasting
   837 | D:2      | Reached XP level 3. HP: 10/19 MP: 2/11
   947 | D:2      | Learned a level 3 spell: Mephitic Cloud
   951 | D:2      | Learned a level 3 spell: Conjure Flame
  1074 | D:2      | HP: 1/28 [worm (2)]
  1079 | D:2      | Slain by a worm

Skill      XL: |  1  2 |
---------------+-------+-----
Stealth        | 3 |  3.2
Dodging        | 3 |  3.0
Spellcasting   | 5 |  5.2
Conjurations   | |  1.8
Summonings     | |  1.1
Translocations | |  1.1

Action                   || total
-------------------------++-------
Melee: Hand axe          ||    35
 Cast: Magic Dart        ||    49
       Call Imp          ||     3
       Mephitic Cloud    ||     2
  Use: Potion            ||     1
 Stab: Sleeping          ||     1
Armor: Robe              ||     2
       Skin              ||    11
Dodge: Dodged            ||    19
